 Dungeon Crawl Stone Soup version 0.28.0-53-g5a82cb258f (webtiles) character file.

Game seed: 5929112887743202315

200 Plasmagod the Chopper (level 5, -5/27 HPs)
             Began as a Vine Stalker Fighter on Aug 2, 2022.
             Slain by a gnoll
             ... wielding a +0 halberd
              (7 damage)
             ... on level 3 of the Dungeon.
             The game lasted 00:03:48 (2371 turns).

Plasmagod the Chopper (Vine Stalker Fighter)        Turns: 2371, Time: 00:03:48

Health: -5/27      AC:  6    Str: 20    XL:     5   Next: 78%
Magic:  0/6        EV:  9    Int:  8    God:
Gold:   131        SH:  4    Dex: 14    Spells: 4/4 levels left

rFire   . . .      SeeInvis .   n - +0 broad axe
rCold   . . .      Faith    .   c - +0 buckler
rNeg    . . .      Spirit   +   b - +0 scale mail
rPois   .          Reflect  .   (no helmet)
rElec   .          Harm     .   (no cloak)
rCorr   .          Rampage  .   (no gloves)
Will    .....                   (no boots)
Stlth   ..........              (no amulet)
HPRegen 0.89/turn               (no ring)
MPRegen 0.10/turn               (no ring)

@: no status effects
A: fangs 2, regeneration 1, magic shield, antimagic bite, no potion heal 2
a: no special abilities


You were on level 3 of the Dungeon.
You visited 1 branch of the dungeon, and saw 3 of its levels.

You collected 131 gold pieces.

Inventory:

Hand Weapons
 n - a +0 broad axe (weapon)
Armour
 b - a +0 scale mail (worn)
 c - a +0 buckler (worn)
Wands
 j - a wand of digging (4)
Scrolls
 h - a scroll of immolation {unknown}
 i - 2 scrolls of blinking {unknown}
 k - a scroll of fog {unknown}
 l - a scroll of torment {unknown}
Potions
 d - 2 potions of might
 e - 2 potions of ambrosia {unknown}
 f - 2 potions of curing {unknown}
 g - 2 potions of heal wounds {unknown}
 m - a potion of resistance {unknown}


   Skills:
 - Level 2.6 Fighting
 + Level 5.3 Axes
 - Level 2.4 Armour
 - Level 2.6 Shields


You had 4 spell levels left.
You didn't know any spells.
Your spell library was empty.

Dungeon Overview and Level Annotations

Branches:
Dungeon (3/15)

Altars:

Shops:
D:1 =


Innate Abilities, Weirdness & Mutations

You have extremely sharp teeth.
Your natural rate of healing is unusually fast.
When hurt, damage is shared between your health and your magic reserves.
Your bite disrupts and absorbs the magic of your enemies.
Potions cannot restore your health.


Message History

The ball python is heavily wounded.
The ball python bites you but does no damage.
The ball python constricts you.
The ball python bites you but does no damage.
The ball python constricts you.
You hit the ball python.
You kill the ball python!
The bat hits you but does no damage. You block the bat's attack.
The bat closely misses you.
Things that are here:
a +0 spear; a ball python corpse; a gnoll corpse You slash the bat!
You kill the bat!
Natasha claws you.
You hit Natasha.
Natasha is moderately wounded.
The gnoll hits you from afar with a +0 halberd!
Natasha casts a spell at you. The magic dart hits you.
You slash Natasha!
Natasha is severely wounded.
The gnoll hits you from afar with a +0 halberd.
Natasha barely misses you. You block the gnoll's attack. Natasha claws you.
You barely miss Natasha. You bite Natasha.
You kill Natasha!
Natasha yowls pathetically as she dies!
The gnoll throws a throwing net.
The throwing net hits you.
You become entangled in the net!
You struggle against the net.
You struggle against the net.
The gnoll hits you with a +0 flail.
The gnoll hits you from afar with a +0 halberd!
* * * LOW HITPOINT WARNING * * *
You struggle against the net.
The gnoll hits you but does no damage. The gnoll barely misses you.
You struggle against the net.
The gnoll hits you with a +0 flail!
* * * LOW HITPOINT WARNING * * *
The gnoll hits you but does no damage.
You rip the net and break free!
The gnoll barely misses you.
The gnoll hits you from afar with a +0 halberd!
You die...

#...###..............#
###(.................#
#.##...............#
...##.......########
.............#
......#.......#
......##....)..# .
...###.##.......# ...
.... .######@###.....
#.ggg..... ####......
..... .... ... .. .


You could see 3 gnolls.

Vanquished Creatures
  An orc priest (D:3)
  Natasha (D:3)
  Robin (D:2)
  A gnoll (D:3)
  3 adders (D:2)
  2 worms
  3 dart slugs (D:1)
  4 orcs (D:3)
  9 ball pythons
  5 bats
  4 endoplasms
  2 giant cockroaches
  15 goblins
  8 hobgoblins
  4 jackals (D:1)
  4 kobolds (D:1)
  A quokka (D:1)
  7 frilled lizards
  8 rats
83 creatures vanquished.

Notes
Turn   | Place    | Note
-------+----------+-------------------------------------------
     0 | D:1      | Plasmagod the Vine Stalker Fighter began the quest for the
                  | Orb.
     0 | D:1      | Reached XP level 1. HP: 11/11 MP: 2/2
   169 | D:1      | Reached skill level 2 in Axes
   174 | D:1      | Reached XP level 2. HP: 6/16 MP: 0/3
   750 | D:1      | Found Ytunlus's Jewellery Emporium.
   813 | D:1      | Reached skill level 3 in Axes
   846 | D:1      | Reached XP level 3. HP: 19/19 MP: 4/4
  1043 | D:1      | Found a faded altar of an unknown god.
  1591 | D:2      | Gained mutation: Your natural rate of healing is unusually
                  | fast. [Vine Stalker growth]
  1591 | D:2      | Reached XP level 4. HP: 23/23 MP: 5/5
  1643 | D:2      | Noticed Robin
  1653 | D:2      | Reached skill level 4 in Axes
  1671 | D:2      | Killed Robin
  2094 | D:2      | Reached XP level 5. HP: 26/27 MP: 6/6
  2196 | D:3      | Identified the +1 leather armour of Huerchu {rF+ Dex+4}
  2269 | D:3      | Reached skill level 5 in Axes
  2356 | D:3      | Noticed Natasha
  2366 | D:3      | Killed Natasha
  2370 | D:3      | HP: 1/27 [gnoll/+0 flail (8)]
  2371 | D:3      | Slain by a gnoll

Illustrated notes

Levels and vault maps discovered:
D:1:      minmay_arrival_up_and_down, layout_basic,
          ebering_ecumenical_altar_hall, serial_shops, shop, st_stairs_12,
          serial_park_tiny_1, minmay_tromino_i4
D:2:      layout_basic, uniq_robin
D:3:      layout_rooms, mainiacjoe_overflow_divided_tiny, grunt_ministairs_6,
          uniq_natasha

Skill      XL: |  1  2  3  4  5 |
---------------+----------------+-----
Axes           | 2 3 4 5 |  5.3
Fighting       | |  2.6
Armour         | |  2.4
Shields        | |  2.6

Action                   |  1- 3 |  4- 6 || total
-------------------------+-------+-------++-------
Melee: War axe           |    95 |    71 ||   166
       Bite              |    22 |     9 ||    31
       Broad axe         |       |     9 ||     9
Armor: Scale mail        |    51 |    45 ||    96
Dodge: Dodged            |    40 |    41 ||    81
Block: Buckler           |    20 |    12 ||    32
